 Dungeon Crawl Stone Soup version 0.18.1-1-g2f07953 (webtiles) character file.

137 Eucla the Slasher (level 5, -5/35 HPs)
             Began as a Halfling Gladiator on Oct 2, 2016.
             Slain by a gnoll
             ... wielding a +0 spear
              (8 damage)
             ... on level 3 of the Dungeon.
             The game lasted 00:01:34 (1467 turns).

Eucla the Slasher (Halfling Gladiator)              Turns: 1467, Time: 00:01:34

Health: -5/35      AC:  4    Str: 20    XL:     5   Next: 43%
Magic:  5/5        EV: 16    Int:  7    God:
Gold:   94         SH:  0    Dex: 16    Spells: 0 memorised, 4 levels left

rFire  . . .     SeeInvis .     l - +2 dagger (elec)
rCold  . . .     Gourm    .     b - +0 leather armour
rNeg   . . .     Faith    .     (shield restricted)
rPois  .         Spirit   .     c - +0 helmet
rElec  .         Dismiss  .     (no cloak)
rCorr  +         Reflect  .     (no gloves)
SustAt .         Harm     .     (no boots)
MR     .....                    (no amulet)
Stlth  +.........               (no ring)
                                e - ring of resist corrosion

@: mighty, not resistant to hostile enchantments, very unstealthy
A: mutation resistance 1
a: no special abilities


You were on level 3 of the Dungeon.
You were hungry.

You visited 1 branch of the dungeon, and saw 3 of its levels.

You collected 94 gold pieces.

Inventory:

Hand Weapons
 a - a +0 long sword
 l - a +2 dagger of electrocution (weapon)
Missiles
 d - 3 throwing nets (quivered)
Armour
 b - a +0 leather armour (worn)
 c - a +0 helmet (worn)
Jewellery
 e - a ring of resist corrosion (left hand)
Scrolls
 g - a scroll of fog {unknown}
 i - a scroll of remove curse {unknown}
 k - a scroll of enchant armour {unknown}
 n - a scroll of recharging {unknown}
 p - 2 scrolls of identify {unknown}
 q - a scroll of immolation {unknown}
 s - a scroll of noise {unknown}
Potions
 j - a potion of flight {unknown}
 t - a potion of curing {unknown}
Books
 r - a book of Spatial Translocations

   Spells                             Type                      Level
   a - Apportation                    Translocation                1
   b - Blink                          Translocation                2
   c - Shroud of Golubria             Charms/Translocation         2
   d - Portal Projectile              Translocation                3
   e - Teleport Other                 Translocation                3
   f - Passage of Golubria            Translocation                4
Comestibles
 f - 3 bread rations
 h - 2 royal jellies
 m - 2 meat rations


   Skills:
 + Level 2.7 Fighting
 * Level 4.4 Long Blades
 - Level 2.1 Throwing
 + Level 4.3 Dodging


You had 4 spell levels left.
You didn't know any spells.

Dungeon Overview and Level Annotations

Branches:
Dungeon (3/15)

Altars:
Elyvilon


Innate Abilities, Weirdness & Mutations

You are small and have problems with some larger weapons.
You are somewhat resistant to further mutation.


Message History

You hit the gnoll.
The gnoll is almost dead.
The gnoll hits you with a club.
You hit the gnoll.
There is a sudden explosion of sparks!
You kill the gnoll!
The gnoll hits you from afar with a spear.
* * * LOW HITPOINT WARNING * * *
Drink which item? (? for menu, Esc to quit)
It was a potion of might.
You feel very mighty all of a sudden. The hobgoblin misses you.
You are too injured to fight recklessly!
You are too injured to fight recklessly!
You hit the hobgoblin.
There is a sudden explosion of sparks!
You kill the hobgoblin!
The gnoll hits you from afar with a spear.
* * * LOW HITPOINT WARNING * * *
Unknown command.
The gnoll hits you with a spear!
You die...

####### ##.....##
##.......##
#.....)...#
#.........# ## ##
####....>.##.. .
#@........# ####
#.}.g.[.....#######...
#...#.......####......
#####......##>.....###
...........##.####.# #
..............# #.###
...........#### #...#
...........# ###..
..#.......## ###


You could see a gnoll.

Vanquished Creatures
  An orc wizard (D:3)
  2 gnolls
  3 adders
  3 dart slugs
  2 giant geckos
  4 orcs (D:3)
  8 goblins
  8 hobgoblins
  2 jackals (D:1)
  8 bats
  A giant newt (D:1)
  2 kobolds
  12 rats
56 creatures vanquished.

Notes
Turn   | Place    | Note
--------------------------------------------------------------
     0 | D:1      | Eucla the Halfling Gladiator began the quest for the Orb.
     0 | D:1      | Reached XP level 1. HP: 14/14 MP: 1/1
   110 | D:1      | Reached XP level 2. HP: 19/19 MP: 2/2
   291 | D:1      | Reached XP level 3. HP: 13/24 MP: 3/3
   765 | D:2      | Found a white marble altar of Elyvilon.
   925 | D:2      | Reached XP level 4. HP: 13/30 MP: 4/4
  1348 | D:3      | Reached XP level 5. HP: 34/35 MP: 5/5
  1467 | D:3      | Slain by a gnoll

Skill      XL: |  1  2  3  4 |
---------------+-------------+-----
Fighting       | 2 |  2.7
Dodging        | 4 |  4.3
Long Blades    | 4 |  4.4
Throwing       | |  2.1

Action                   |  1- 3 |  4- 6 || total
-------------------------+-------+-------++-------
Melee: Long sword        |    72 |       ||    72
       Dagger            |    15 |    49 ||    64
  Use: Potion            |       |     1 ||     1
 Stab: Sleeping          |     2 |       ||     2
  Eat: Chunk             |       |     1 ||     1
Armor: Leather armour    |    24 |     9 ||    33
Dodge: Dodged            |    85 |    35 ||   120
